 Dungeon Crawl Stone Soup version 0.27.1-3-gb3d3a73c9e (webtiles) character file.

Game seed: 12180426942180073002

486 Crownlay the Chiller (level 7, -2/50 HPs)
             Began as a Gnoll Ice Elementalist on Oct 11, 2021.
             Was a Believer of Uskayaw.
             Slain by a wyvern zombie (8 damage)
             ... on level 7 of the Dungeon.
             The game lasted 00:06:55 (4140 turns).

Crownlay the Chiller (Gnoll Ice Elementalist)       Turns: 4140, Time: 00:06:56

Health: -2/50      AC: 13    Str:  7    XL:     7   Next: 13%
Magic:  18/24      EV: 13    Int: 17    God:    Uskayaw [**....]
Gold:   191        SH:  0    Dex: 12    Spells: 10/17 levels left

rFire    . . .     SeeInvis +   h - +1 dagger (venom)
rCold    . . .     Faith    .   (no shield)
rNeg     . . .     Spirit   .   a - +0 robe
rPois    .         Reflect  .   p - +1 helmet
rElec    .         Harm     .   j - +0 cloak
rCorr    .         Rampage  .   n - +0 pair of gloves
Will     .....                  (no boots)
Stlth    +++.......             (no amulet)
HPRegen  0.16/turn              g - ring of magical power
MPRegen  0.19/turn              k - ring of see invisible

@: ice-armoured, freezing walls
A: fangs 1, strong nose, distributed training
a: Renounce Religion, Stomp, Line Pass


You were on level 7 of the Dungeon.
You worshipped Uskayaw.
Uskayaw was noncommittal.
You visited 2 branches of the dungeon, and saw 6 of its levels.

You collected 191 gold pieces.

Inventory:

Hand Weapons
 h - a +1 dagger of venom (weapon)
Armour
 a - a +0 robe (worn)
 j - a +0 cloak (worn)
 n - a +0 pair of gloves (worn)
 p - a +1 helmet (worn)
Jewellery
 g - a ring of magical power (left hand)
 k - a ring of see invisible (right hand)
Scrolls
 b - 4 scrolls of magic mapping {unknown}
 f - a scroll of identify {unknown}
 m - a scroll of noise {unknown}
Potions
 c - a potion of curing {unknown}
 d - a potion of degeneration {unknown}
 e - 2 potions of flight {unknown}
 i - a potion of lignification {unknown}
 l - a potion of resistance {unknown}
 o - a potion of invisibility


   Skills:
 + Level 2.3 Fighting
 + Level 2.3 Short Blades
 + Level 2.3 Long Blades
 + Level 2.3 Axes
 + Level 2.3 Maces & Flails
 + Level 2.3 Polearms
 + Level 2.3 Staves
 + Level 2.3 Slings
 + Level 2.3 Bows
 + Level 2.3 Crossbows
 + Level 2.3 Throwing
 + Level 2.3 Armour
 + Level 5.1 Dodging
 + Level 4.8 Stealth
 + Level 2.3 Shields
 + Level 2.3 Unarmed Combat
 + Level 5.5 Spellcasting
 + Level 1.8 Conjurations
 + Level 1.8 Hexes
 + Level 1.8 Summonings
 + Level 1.8 Necromancy
 + Level 1.8 Translocations
 + Level 1.8 Transmutations
 + Level 1.8 Fire Magic
 + Level 7.3 Ice Magic
 + Level 1.8 Air Magic
 + Level 1.8 Earth Magic
 + Level 1.8 Poison Magic
 + Level 2.5 Invocations
 + Level 2.3 Evocations


You had 10 spell levels left.
You knew the following spells:

 Your Spells              Type           Power      Damage    Failure   Level
a - Freeze                Ice            100%       1d11      1%          1
b - Frozen Ramparts       Ice            58%        1d7       1%          3
c - Ozocubu's Armour      Ice            29%        N/A       1%          3

Your spell library contained the following spells:

 Spells                   Type           Power      Damage    Failure   Level
 Hailstorm                Conj/Ice       20%        3d6       21%         4


Dungeon Overview and Level Annotations

Branches:
Dungeon (4/15)             Temple (1/1) D:4

Altars:
Ashenzari
Cheibriados
Dithmenos
Elyvilon
Hepliaklqana
Kikubaaqudgha
Makhleb
Qazlal
Trog
Uskayaw
Vehumet
Wu Jian
Xom
The Shining One


Innate Abilities, Weirdness & Mutations

You have very sharp teeth.
Your uncanny sense of smell can sniff out nearby items.
Your experience applies equally to all skills.


Message History

You are too injured to fight recklessly!
You are too injured to fight recklessly!
Casting: Ozocubu's Armour (safe; 1% risk of failure)
Confirm with . or Enter, or press ? or * to list all spells.
Casting: Frozen Ramparts (safe; 1% risk of failure)
Press: ? - help, Dir - look around, f - activate The walls around you are covered in ice.
The wyvern zombie resists.
The wall freezes the wyvern zombie.
The wyvern zombie bites you!
* * * LOW HITPOINT WARNING * * *
The centaur skeleton completely resists.
The wall freezes the centaur skeleton but does no damage.
The centaur skeleton hits you but does no damage.
The centaur skeleton misses you.
The wyvern zombie resists.
The wall freezes the wyvern zombie.
The wyvern zombie closely misses you.
You hit the centaur skeleton but do no damage.
The centaur skeleton is almost destroyed.
The centaur skeleton completely resists.
The wall freezes the centaur skeleton but does no damage.
The centaur skeleton hits you but does no damage.
The centaur skeleton barely misses you.
The wyvern zombie completely resists.
The wall freezes the wyvern zombie but does no damage.
The wyvern zombie misses you.
The centaur skeleton resists.
The wall freezes the centaur skeleton.
You destroy the centaur skeleton!
You hit the wyvern zombie.
The wyvern zombie is lightly damaged.
The wyvern zombie resists.
The wall freezes the wyvern zombie.
The wyvern zombie barely misses you.
Okay, then.
You hit the wyvern zombie.
The wyvern zombie is moderately damaged.
The wyvern zombie completely resists.
The wall freezes the wyvern zombie but does no damage.
The wyvern zombie bites you but does no damage.
You completely miss the wyvern zombie.
The wyvern zombie is moderately damaged.
The wyvern zombie resists.
The wall freezes the wyvern zombie.
The wyvern zombie bites you!
You die...

#..........#
..........#
#..>......#
#.........#
#..[......#
#.........#
#.....#.###
###Z.## ##@#
#.# ..# ##.#
###


You could see a wyvern zombie.

Vanquished Creatures
  An ice beast (D:3)
  An ogre (D:2)
  Crazy Yiuf (D:2)
  An orc priest (D:4)
  A jelly (D:4)
  A centaur skeleton (D:7)
  An iguana (D:4)
  A hound skeleton (D:4)
  Robin (D:4)
  4 adders
  An adder skeleton (D:4)
  6 orcs
  9 bats
  7 endoplasms
  7 giant cockroaches
  17 goblins
  13 hobgoblins
  9 kobolds
  5 quokkas
  4 ball pythons
  4 frilled lizards
  5 rats
100 creatures vanquished.

Notes
Turn   | Place    | Note
-------+----------+-------------------------------------------
     0 | D:1      | Crownlay the Gnoll Ice Elementalist began the quest for the
                  | Orb.
     0 | D:1      | Reached XP level 1. HP: 13/13 MP: 6/6
   200 | D:1      | Reached XP level 2. HP: 10/19 MP: 3/7
   781 | D:1      | Reached XP level 3. HP: 22/25 MP: 3/9
   785 | D:1      | Learned a level 3 spell: Frozen Ramparts
   789 | D:1      | Learned a level 3 spell: Ozocubu's Armour
   860 | D:1      | Reached skill level 5 in Spellcasting
  1429 | D:2      | Reached skill level 1 in Invocations
  1437 | D:2      | Reached skill level 1 in Fighting
  1437 | D:2      | Reached skill level 1 in Short Blades
  1437 | D:2      | Reached skill level 1 in Long Blades
  1437 | D:2      | Reached skill level 1 in Axes
  1437 | D:2      | Reached skill level 1 in Maces & Flails
  1437 | D:2      | Reached skill level 1 in Polearms
  1437 | D:2      | Reached skill level 1 in Staves
  1437 | D:2      | Reached skill level 1 in Slings
  1437 | D:2      | Reached skill level 1 in Bows
  1437 | D:2      | Reached skill level 1 in Crossbows
  1437 | D:2      | Reached skill level 1 in Throwing
  1437 | D:2      | Reached skill level 1 in Armour
  1437 | D:2      | Reached skill level 1 in Shields
  1437 | D:2      | Reached skill level 1 in Unarmed Combat
  1437 | D:2      | Reached skill level 1 in Evocations
  1544 | D:2      | Reached XP level 4. HP: 23/32 MP: 7/11
  1742 | D:2      | Found a faded altar of an unknown god.
  2007 | D:2      | Noticed an ogre
  2015 | D:2      | Killed an ogre
  2016 | D:2      | Reached skill level 1 in Conjurations
  2016 | D:2      | Reached skill level 1 in Hexes
  2016 | D:2      | Reached skill level 1 in Summonings
  2016 | D:2      | Reached skill level 1 in Necromancy
  2016 | D:2      | Reached skill level 1 in Translocations
  2016 | D:2      | Reached skill level 1 in Transmutations
  2016 | D:2      | Reached skill level 1 in Fire Magic
  2016 | D:2      | Reached skill level 1 in Air Magic
  2016 | D:2      | Reached skill level 1 in Earth Magic
  2016 | D:2      | Reached skill level 1 in Poison Magic
  2016 | D:2      | Reached XP level 5. HP: 37/37 MP: 12/12
  2096 | D:2      | Found a runed translucent door.
  2097 | D:2      | Noticed Crazy Yiuf
  2106 | D:2      | Killed Crazy Yiuf
  2521 | D:3      | Noticed an ice beast
  2558 | D:3      | Killed an ice beast
  2559 | D:3      | Reached XP level 6. HP: 7/44 MP: 14/14
  2976 | D:3      | Reached skill level 5 in Dodging
  3686 | D:4      | Noticed Robin
  3701 | D:4      | Killed Robin
  3800 | D:4      | Found a staircase to the Ecumenical Temple.
  3814 | D:4      | Reached XP level 7. HP: 25/50 MP: 15/15
  3815 | Temple   | Entered the Ecumenical Temple
  3819 | Temple   | Became a worshipper of Uskayaw the Reveller
  4118 | D:4      | You fall into a shaft and drop 3 floors!
  4125 | D:7      | Reached * piety under Uskayaw
  4134 | D:7      | Reached ** piety under Uskayaw
  4140 | D:7      | Slain by a wyvern zombie

Illustrated notes

Levels and vault maps discovered:
D:1:      beargit_arrival_diablo_church, layout_loops_corners, serial_glass,
          glass_columns_a, glass_columns_b, glass_columns_a, glass_columns_a,
          glass_columns_b, glass_columns_a, glass_columns_c, glass_columns_b,
          glass_columns_a, glass_columns_a, glass_columns_a, glass_columns_b,
          glass_columns_a, glass_columns_b
D:2:      layout_rooms, ebering_ecumenical_altar_webs, uniq_crazy_yiuf_cottage
D:3:      kb_forest_paths, layout_rooms
D:4:      layout_basic, minmay_temple_entry_grid, uniq_robin
D:7:      layout_rooms
Temple:   nicolae_temple_x_marks_the_god

Skill      XL: |  1  2  3  4  5  6 |
---------------+-------------------+-----
Spellcasting   | 5 |  5.5
Invocations    | 1 2 |  2.5
Fighting       | 1 2 |  2.3
Short Blades   | 1 2 |  2.3
Long Blades    | 1 2 |  2.3
Axes           | 1 2 |  2.3
Maces & Flails | 1 2 |  2.3
Polearms       | 1 2 |  2.3
Staves         | 1 2 |  2.3
Slings         | 1 2 |  2.3
Bows           | 1 2 |  2.3
Crossbows      | 1 2 |  2.3
Throwing       | 1 2 |  2.3
Armour         | 1 2 |  2.3
Shields        | 1 2 |  2.3
Unarmed Combat | 1 2 |  2.3
Evocations     | 1 2 |  2.3
Conjurations   | 1 |  1.8
Hexes          | 1 |  1.8
Summonings     | 1 |  1.8
Necromancy     | 1 |  1.8
Translocations | 1 |  1.8
Transmutations | 1 |  1.8
Fire Magic     | 1 |  1.8
Air Magic      | 1 |  1.8
Earth Magic    | 1 |  1.8
Poison Magic   | 1 |  1.8
Dodging        | 5 |  5.1
Stealth        | |  4.8
Ice Magic      | |  7.3

Action                   |  1- 3 |  4- 6 |  7- 9 || total
-------------------------+-------+-------+-------++-------
Melee: Unarmed           |     3 |       |       ||     3
       Dagger            |     3 |   116 |    19 ||   138
       Punch             |       |     2 |       ||     2
       Bite              |       |     6 |     1 ||     7
 Cast: Freeze            |    51 |    38 |     2 ||    91
       Ozocubu's Armour  |       |     6 |     1 ||     7
       Frozen Ramparts   |       |     6 |     2 ||     8
 Stab: Sleeping          |       |     2 |       ||     2
Armor: Robe              |     6 |    32 |    18 ||    56
Dodge: Dodged            |    23 |    99 |    24 ||   146
